Workbook

Sheet MEDIÇÃO 14
A1: PREFEITURA MUNICIPAL DE SÃO ROQUE DO CANAÃ Estado do Espírito Santo SECRETARIA MUNICIPAL DE OBRAS E SERVIÇOS URBANOS – SETOR DE ENGENHARIA
A2: BOLETIM DE | E2: =I8 -> MEDIÇÃO 14 | K2: DATA: 07/01/2025
A4: OBRA: CONSTRUÇÃO DO PARQUE MUNICIPAL MULTIUSO DE SÃO ROQUE DO CANAÃ | D4: CONTRATO Nº: | F4: 041/2023 | H4: Assinatura: 06/06/2023 | K4: INÍCIO: | M4: 45182
K5: TÉRMINO: | M5: 45754
A6: LOCAL: BAIRRO VILA VERDE, SÃO ROQUE DO CANAÃ | D6: PERÍODO: | F6: 45627 | H6: a | I6: 45657 | K6: PRAZO: | M6: 365 DIAS + 57 DIAS (PARALIS.) + 150 DIAS
A7: EMPREITEIRA: CONSÓRCIO PARQUE DE SÃO ROQUE | F7: =I8 -> MEDIÇÃO 14 | I7: =L419 -> 38413.399 | K7: % MÊS: | L7: =H419 -> 0.003481192 | M7: % ACUM: | N7: =H420 -> 0.54584084
A8: ITEM | B8: ESPECIFICAÇÃO | C8: UNID. | D8: QUANT. | E8: UNIT + BDI | F8: ACUMULADO ANTERIOR | I8: MEDIÇÃO 14 | L8: TOTAL MEDIDO
F9: QUANT. | G9: TOTAL | H9: % | I9: QUANT. | J9: TOTAL | K9: % | L9: QUANT. | M9: TOTAL | N9: %
A10: 1 | B10: SERVIÇOS PRELIMINARES | J10: =SUM(J11:J13) -> 0 | M10: =SUM(M11:M13) -> 81114.5
A11: 1.1 | B11: Retirada manual de pavimento em paralelepípedos, incluindo empilhamento para reaproveitamento | C11: M2 | D11: 5151 | E11: 14.01 | F11: 5151 | G11: =F11*E11 -> 72165.51 | H11: =F11/D11 -> 1 | J11: =TRUNC((I11*E11),3) -> 0 | K11: =I11/D11 -> 0 | L11: =F11+I11 -> 5151 | M11: =TRUNC((G11+J11),3) -> 72165.51 | N11: =H11+K11 -> 1
A12: 1.2 | B12: Demolição de edificações | C12: M2 | D12: 1000 | E12: 82.34 | F12: 0 | G12: =F12*E12 -> 0 | H12: =F12/D12 -> 0 | J12: =TRUNC((I12*E12),3) -> 0 | K12: =I12/D12 -> 0 | L12: =F12+I12 -> 0 | M12: =TRUNC((G12+J12),3) -> 0 | N12: =H12+K12 -> 0
A13: 1.3 | B13: Desmatamento, destocamento, limpeza de área e estocagem do material de limpeza com árvores de diâmetro até 0,15 m | C13: M3 | D13: 15244 | E13: 0.58705 | F13: 15244 | G13: =F13*E13 -> 8948.99 | H13: =F13/D13 -> 0.99999998 | J13: =TRUNC((I13*E13),3) -> 0 | K13: =I13/D13 -> 0 | L13: =F13+I13 -> 15244 | M13: =TRUNC((G13+J13),3) -> 8948.99 | N13: =H13+K13 -> 0.99999998
A14: 2 | B14: TERRAPLANAGEM | J14: =SUM(J15:J19) -> 0 | M14: =SUM(M15:M19) -> 1671114.5
A15: 2.1 | B15: Escavação e carga de material de jazida com escavadeira hidráulica de 1,56 m³ | C15: M3 | D15: 180632.63 | E15: 1.70145 | F15: 180632.63 | G15: =F15*E15 -> 307337.38 | H15: =F15/D15 -> 1 | J15: =TRUNC((I15*E15),3) -> 0 | K15: =I15/D15 -> 0 | L15: =F15+I15 -> 180632.63 | M15: =TRUNC((G15+J15),3) -> 307337.38 | N15: =H15+K15 -> 1
A16: 2.2 | B16: Transporte com caminhão basculante de 10 m³ - rodovia pavimentada | C16: Tkm | D16: 900400.59 | E16: 0.85569999 | F16: 900400.59 | G16: =F16*E16 -> 770472.78 | H16: =F16/D16 -> 1 | J16: =TRUNC((I16*E16),3) -> 0 | K16: =I16/D16 -> 0 | L16: =F16+I16 -> 900400.59 | M16: =TRUNC((G16+J16),3) -> 770472.78 | N16: =H16+K16 -> 1
A17: 2.3 | B17: Compactação de aterros a 100% do proctor intermediário | C17: M3 | D17: 40895.46 | E17: 8.2087498 | F17: 40895.46 | G17: =F17*E17 -> 335700.6 | H17: =F17/D17 -> 1 | J17: =TRUNC((I17*E17),3) -> 0 | K17: =I17/D17 -> 0 | L17: =F17+I17 -> 40895.46 | M17: =TRUNC((G17+J17),3) -> 335700.6 | N17: =H17+K17 -> 1
A18: 2.4 | B18: Enrocamento com pedra de mão, inclusive espalhamento e compactação mecânica - fornecimento e assentamento | C18: M3 | D18: 195.2 | E18: 139.39949 | F18: 195.2 | G18: =F18*E18 -> 27210.78 | H18: =F18/D18 -> 1 | J18: =TRUNC((I18*E18),3) -> 0 | K18: =I18/D18 -> 0 | L18: =F18+I18 -> 195.2 | M18: =TRUNC((G18+J18),3) -> 27210.78 | N18: =H18+K18 -> 1
A19: 2.5 | B19: Espalhamento de material em bota-fora | C19: M3 | D19: 133844.34 | E19: 1.72135 | F19: 133844.34 | G19: =F19*E19 -> 230392.95 | H19: =F19/D19 -> 1 | J19: =TRUNC((I19*E19),3) -> 0 | K19: =I19/D19 -> 0 | L19: =F19+I19 -> 133844.34 | M19: =TRUNC((G19+J19),3) -> 230392.95 | N19: =H19+K19 -> 1
A20: 3 | B20: OBRAS DE ARTES CORRENTES E DRENAGEM | J20: =SUM(J21:J29) -> 0 | M20: =SUM(M21:M29) -> 993396.19
A21: 3.1 | B21: Corpo de bscc - seção fechada de 2,5 x 2,5 m - pré-moldado - altura do aterro de 5,00 a 7,50 m - areia e brita comerciais | C21: M | D21: 156 | E21: 4714.5688 | F21: 156 | G21: =F21*E21 -> 735472.74 | H21: =F21/D21 -> 1 | J21: =TRUNC((I21*E21),3) -> 0 | K21: =I21/D21 -> 0 | L21: =F21+I21 -> 156 | M21: =TRUNC((G21+J21),3) -> 735472.74 | N21: =H21+K21 -> 1
A22: 3.2 | B22: Boca de bscc 2,50 x 2,50 m - esconsidade 0° - areia e brita comerciais | C22: Un | D22: 2 | E22: 26973.825 | F22: 2 | G22: =F22*E22 -> 53947.65 | H22: =F22/D22 -> 1 | J22: =TRUNC((I22*E22),3) -> 0 | K22: =I22/D22 -> 0 | L22: =F22+I22 -> 2 | M22: =TRUNC((G22+J22),3) -> 53947.65 | N22: =H22+K22 -> 1
A23: 3.3 | B23: Descida d'água de cortes em degraus - dcd 01 - areia e brita comerciais | C23: M | D23: 81 | E23: 492.03148 | F23: 81 | G23: =F23*E23 -> 39854.55 | H23: =F23/D23 -> 1 | J23: =TRUNC((I23*E23),3) -> 0 | K23: =I23/D23 -> 0 | L23: =F23+I23 -> 81 | M23: =TRUNC((G23+J23),3) -> 39854.55 | N23: =H23+K23 -> 1
A24: 3.4 | B24: Caixa coletora de sarjeta - ccs 01 - com grelha de concreto - tcc 01 - areia e brita comerciais | C24: Un | D24: 4 | E24: 3701.4475 | F24: 4 | G24: =F24*E24 -> 14805.79 | H24: =F24/D24 -> 1 | J24: =TRUNC((I24*E24),3) -> 0 | K24: =I24/D24 -> 0 | L24: =F24+I24 -> 4 | M24: =TRUNC((G24+J24),3) -> 14805.79 | N24: =H24+K24 -> 1
A25: 3.5 | B25: Sarjeta de canteiro central de concreto - scc 03 - areia e brita comerciais | C25: M | D25: 893 | E25: 61.074692 | F25: 893 | G25: =F25*E25 -> 54539.7 | H25: =F25/D25 -> 1 | J25: =TRUNC((I25*E25),3) -> 0 | K25: =I25/D25 -> 0 | L25: =F25+I25 -> 893 | M25: =TRUNC((G25+J25),3) -> 54539.7 | N25: =H25+K25 -> 1
A26: 3.6 | B26: Valeta de proteção de cortes com revestimento de concreto - vpc 03 - areia e brita comerciais | C26: M | D26: 373 | E26: 115.17029 | F26: 373 | G26: =F26*E26 -> 42958.52 | H26: =F26/D26 -> 1 | J26: =TRUNC((I26*E26),3) -> 0 | K26: =I26/D26 -> 0 | L26: =F26+I26 -> 373 | M26: =TRUNC((G26+J26),3) -> 42958.52 | N26: =H26+K26 -> 1
A27: 3.7 | B27: Corpo de bstc d = 0,60 m pa2 - areia, brita e pedra de mão comerciais | C27: M | D27: 119 | E27: 368.66008 | F27: 119 | G27: =F27*E27 -> 43870.55 | H27: =F27/D27 -> 1 | J27: =TRUNC((I27*E27),3) -> 0 | K27: =I27/D27 -> 0 | L27: =F27+I27 -> 119 | M27: =TRUNC((G27+J27),3) -> 43870.55 | N27: =H27+K27 -> 1
A28: 3.8 | B28: Boca de bstc d = 0,60 m - esconsidade 0° - areia extraída e brita produzida - alas esconsas | C28: Un | D28: 2 | E28: 882.06 | F28: 2 | G28: =F28*E28 -> 1764.12 | H28: =F28/D28 -> 1 | J28: =TRUNC((I28*E28),3) -> 0 | K28: =I28/D28 -> 0 | L28: =F28+I28 -> 2 | M28: =TRUNC((G28+J28),3) -> 1764.12 | N28: =H28+K28 -> 1
A29: 3.9 | B29: Dissipador de energia - deb 10 - areia, brita e pedra de mão comerciais | C29: Un | D29: 1 | E29: 6182.57 | F29: 1 | G29: =F29*E29 -> 6182.57 | H29: =F29/D29 -> 1 | J29: =TRUNC((I29*E29),3) -> 0 | K29: =I29/D29 -> 0 | L29: =F29+I29 -> 1 | M29: =TRUNC((G29+J29),3) -> 6182.57 | N29: =H29+K29 -> 1
A30: 4 | B30: INSTALAÇÃO DO CANTEIRO DE OBRAS | J30: =SUM(J31:J41) -> 0 | M30: =SUM(M31:M41) -> 118419.62
A31: 4.1 | B31: Placa de obra nas dimensões de 2.0 x 4.0 m, padrão der | C31: M2 | D31: 16 | E31: 358.29 | F31: 16 | G31: =F31*E31 -> 5732.64 | H31: =F31/D31 -> 1 | J31: =TRUNC((I31*E31),3) -> 0 | K31: =I31/D31 -> 0 | L31: =F31+I31 -> 16 | M31: =TRUNC((G31+J31),3) -> 5732.64 | N31: =H31+K31 -> 1
A32: 4.2 | B32: Aluguel mensal container para escritório, dim. 6.00x2.40m, c/ banheiro (vaso+lavat+chuveiro e básc), incl. Porta, 2 janelas, abert p/ ar cond., 2 pt iluminação, 2 tom. Elét. E 1 tom.Telef. Isolam.Térmico(teto e paredes), piso em comp. Naval, cert. Nr18, incl. Laudo descontaminação. | C32: Mês | D32: 12 | E32: 1342.6 | F32: 12 | G32: =F32*E32 -> 16111.2 | H32: =F32/D32 -> 1 | J32: =TRUNC((I32*E32),3) -> 0 | K32: =I32/D32 -> 0 | L32: =F32+I32 -> 12 | M32: =TRUNC((G32+J32),3) -> 16111.2 | N32: =H32+K32 -> 1
A33: 4.3 | B33: Aluguel mensal container para almoxarifado, incl. Porta, 2 janelas, 1 pt iluminação, isolamento térmico (teto), piso em comp. Naval pintado, cert. Nr18, incl. Laudo descontaminação. | C33: Mês | D33: 12 | E33: 919.12 | F33: 12 | G33: =F33*E33 -> 11029.44 | H33: =F33/D33 -> 1 | J33: =TRUNC((I33*E33),3) -> 0 | K33: =I33/D33 -> 0 | L33: =F33+I33 -> 12 | M33: =TRUNC((G33+J33),3) -> 11029.44 | N33: =H33+K33 -> 1
A34: 4.4 | B34: Aluguel mensal container para refeitorio, incl. Porta, 2 janelas, abert p/ ar cond., 2 pt iluminação, 2 tomadas elét. E 1 tomada telef. Isolamento térmico (paredes e teto), piso em comp. Naval pintado, cert. Nr18, incl. Laudo descontaminação. | C34: Mês | D34: 12 | E34: 1266.81 | F34: 12 | G34: =F34*E34 -> 15201.72 | H34: =F34/D34 -> 1 | J34: =TRUNC((I34*E34),3) -> 0 | K34: =I34/D34 -> 0 | L34: =F34+I34 -> 12 | M34: =TRUNC((G34+J34),3) -> 15201.72 | N34: =H34+K34 -> 1
A35: 4.5 | B35: Aluguel mensal container sanitário, incl porta, básc, 2 ptos luz, 1 pto aterram., 3vasos, 3lavatórios, calha mictório, 6 chuveiros (1 eletrico), torn.,Registros, piso comp. Naval pintado, cert nr18 e laudo descontaminação | C35: Mês | D35: 12 | E35: 1321.9 | F35: 12 | G35: =F35*E35 -> 15862.8 | H35: =F35/D35 -> 1 | J35: =TRUNC((I35*E35),3) -> 0 | K35: =I35/D35 -> 0 | L35: =F35+I35 -> 12 | M35: =TRUNC((G35+J35),3) -> 15862.8 | N35: =H35+K35 -> 1
A36: 4.6 | B36: Aluguel mensal container para vestiário, incl. Porta, venezianas de circulação, 1 pt iluminação, isolamento térmico (teto), piso em comp. Naval pintado, cert. Nr18, incl. Laudo descontaminação. | C36: Mês | D36: 12 | E36: 934.19 | F36: 12 | G36: =F36*E36 -> 11210.28 | H36: =F36/D36 -> 1 | J36: =TRUNC((I36*E36),3) -> 0 | K36: =I36/D36 -> 0 | L36: =F36+I36 -> 12 | M36: =TRUNC((G36+J36),3) -> 11210.28 | N36: =H36+K36 -> 1
A37: 4.7 | B37: Mobilização e desmobilização de conteiner locado para barracão de obra | C37: Un | D37: 10 | E37: 2425.36 | F37: 5 | G37: =F37*E37 -> 12126.8 | H37: =F37/D37 -> 0.5 | J37: =TRUNC((I37*E37),3) -> 0 | K37: =I37/D37 -> 0 | L37: =F37+I37 -> 5 | M37: =TRUNC((G37+J37),3) -> 12126.8 | N37: =H37+K37 -> 0.5
A38: 4.8 | B38: Rede de água com padrão de entrada d'água diâm. 3/4", conf. Espec. Cesan, incl. Tubos e conexões para alimentação, distribuição, extravasor e limpeza, cons. O padrão a 25m, conf. Projeto (1 utilização) | C38: M | D38: 25 | E38: 66.92 | F38: 25 | G38: =F38*E38 -> 1673 | H38: =F38/D38 -> 1 | J38: =TRUNC((I38*E38),3) -> 0 | K38: =I38/D38 -> 0 | L38: =F38+I38 -> 25 | M38: =TRUNC((G38+J38),3) -> 1673 | N38: =H38+K38 -> 1
A39: 4.9 | B39: Rede de luz, incl. Padrão entrada de energia trifás., Cabo de ligação até barracões, quadro de distrib., Disj. E chave de força (quando necessário), cons. 20m entre padrão entrada e qdg, conf. Projeto (1 utilização | C39: M | D39: 20 | E39: 650.19 | F39: 20 | G39: =F39*E39 -> 13003.8 | H39: =F39/D39 -> 1 | J39: =TRUNC((I39*E39),3) -> 0 | K39: =I39/D39 -> 0 | L39: =F39+I39 -> 20 | M39: =TRUNC((G39+J39),3) -> 13003.8 | N39: =H39+K39 -> 1
A40: 4.10 | B40: Rede de esgoto, contendo fossa e filtro, inclusive tubos e conexões de ligação entre caixas, considerando distância de 25m, conforme projeto (1 utilização) | C40: M | D40: 25 | E40: 525.47 | F40: 25 | G40: =F40*E40 -> 13136.75 | H40: =F40/D40 -> 1 | J40: =TRUNC((I40*E40),3) -> 0 | K40: =I40/D40 -> 0 | L40: =F40+I40 -> 25 | M40: =TRUNC((G40+J40),3) -> 13136.75 | N40: =H40+K40 -> 1
A41: 4.11 | B41: Reservatório de poliestileno de 1000 l, incl. Suporte em madeira de 7x12cm e 8x7cm, elevado de 4m, conf. Projeto (1 utilização) | C41: Un | D41: 1 | E41: 3331.19 | F41: 1 | G41: =F41*E41 -> 3331.19 | H41: =F41/D41 -> 1 | J41: =TRUNC((I41*E41),3) -> 0 | K41: =I41/D41 -> 0 | L41: =F41+I41 -> 1 | M41: =TRUNC((G41+J41),3) -> 3331.19 | N41: =H41+K41 -> 1
A42: 5 | B42: SINALIZAÇÃO | J42: =SUM(J43:J45) -> 0 | M42: =SUM(M43:M45) -> 7822.4
A43: 5.1 | B43: Cones para sinalização, fornecimento e colocação | C43: Un | D43: 20 | E43: 160.64 | F43: 20 | G43: =F43*E43 -> 3212.8 | H43: =F43/D43 -> 1 | J43: =TRUNC((I43*E43),3) -> 0 | K43: =I43/D43 -> 0 | L43: =F43+I43 -> 20 | M43: =TRUNC((G43+J43),3) -> 3212.8 | N43: =H43+K43 -> 1
A44: 5.2 | B44: Elementos de madeira para sinalização - cavaletes | C44: Un | D44: 10 | E44: 44.76 | F44: 10 | G44: =F44*E44 -> 447.6 | H44: =F44/D44 -> 1 | J44: =TRUNC((I44*E44),3) -> 0 | K44: =I44/D44 -> 0 | L44: =F44+I44 -> 10 | M44: =TRUNC((G44+J44),3) -> 447.6 | N44: =H44+K44 -> 1
A45: 5.3 | B45: Tela de proteção de segurança de pvc cor laranja com suporte em madeira chumbado em concreto para sinalização de obras | C45: M | D45: 200 | E45: 20.81 | F45: 200 | G45: =F45*E45 -> 4162 | H45: =F45/D45 -> 1 | J45: =TRUNC((I45*E45),3) -> 0 | K45: =I45/D45 -> 0 | L45: =F45+I45 -> 200 | M45: =TRUNC((G45+J45),3) -> 4162 | N45: =H45+K45 -> 1
A46: 6 | B46: SERVIÇOS COMPLEMENTARES EXTERNOS | J46: =J47+J50 -> 0 | M46: =M47+M50 -> 2984395.1
A47: 6.1 | B47: PAVIMENTAÇÃO | J47: =SUM(J48:J49) -> 0 | M47: =SUM(M48:M49) -> 2154407.9
A48: 6.1.1 | B48: Blocos pré-moldados de concreto tipo pavi-s ou equivalente, espessura de 8 cm e resistência a compressão mínima de 35mpa, assentados sobre colchão de pó de pedra na espessura de 10 cm | C48: M2 | D48: 17393.25 | E48: 122.75 | F48: 17393.25 | G48: =F48*E48 -> 2135021.4 | H48: =F48/D48 -> 1 | J48: =TRUNC((I48*E48),3) -> 0 | K48: =I48/D48 -> 0 | L48: =F48+I48 -> 17393.25 | M48: =TRUNC((G48+J48),3) -> 2135021.4 | N48: =H48+K48 -> 1
A49: 6.1.2 | B49: Meio fio (assentamento), inclusive caiação | C49: M | D49: 488.2 | E49: 39.709996 | F49: 488.2 | G49: =F49*E49 -> 19386.42 | H49: =F49/D49 -> 1 | J49: =TRUNC((I49*E49),3) -> 0 | K49: =I49/D49 -> 0 | L49: =F49+I49 -> 488.2 | M49: =TRUNC((G49+J49),3) -> 19386.42 | N49: =H49+K49 -> 1
A50: 6.2 | B50: MURO DE CONTENÇÃO | J50: =SUM(J51:J53) -> 0 | M50: =SUM(M51:M53) -> 829987.22
A51: 6.2.1 | B51: Fornecimento e aplicação de concreto usinado fck=30 mpa - considerando bombeamento (5% de perdas já incluído no custo) (6% de taxa p/ concr. Bombeavel) | C51: M3 | D51: 201.34 | E51: 801.12 | F51: 201.34 | G51: =F51*E51 -> 161297.5 | H51: =F51/D51 -> 1 | J51: =TRUNC((I51*E51),3) -> 0 | K51: =I51/D51 -> 0 | L51: =F51+I51 -> 201.34 | M51: =TRUNC((G51+J51),3) -> 161297.5 | N51: =H51+K51 -> 1
A52: 6.2.2 | B52: Fornecimento, dobragem e colocação em fôrma, de armadura ca-50 a média, diâmetro de 6.3 a 10.0 mm | C52: Kg | D52: 34325.82 | E52: 15.73 | F52: 34325.82 | G52: =F52*E52 -> 539945.14 | H52: =F52/D52 -> 1 | J52: =TRUNC((I52*E52),3) -> 0 | K52: =I52/D52 -> 0 | L52: =F52+I52 -> 34325.82 | M52: =TRUNC((G52+J52),3) -> 539945.14 | N52: =H52+K52 -> 1
A53: 6.2.3 | B53: Fôrma de tábua de madeira de 2.5x30.0cm, levando-se em conta utilização 3 vezes (incluindo o material, corte, montagem, escoramento e desforma) | C53: M2 | D53: 1075.92 | E53: 119.65999 | F53: 1075.92 | G53: =F53*E53 -> 128744.58 | H53: =F53/D53 -> 1 | J53: =TRUNC((I53*E53),3) -> 0 | K53: =I53/D53 -> 0 | L53: =F53+I53 -> 1075.92 | M53: =TRUNC((G53+J53),3) -> 128744.58 | N53: =H53+K53 -> 1
A54: 7 | B54: ESTACIONAMENTO | J54: =SUM(J55:J56) -> 38413.399 | M54: =SUM(M55:M56) -> 58847.598
A55: 7.1 | B55: Blocos pré-moldados de concreto tipo pavi-s ou equivalente, espessura de 8 cm e resistência a compressão mínima de 35mpa, assentados sobre colchão de pó de pedra na espessura de 10 cm | C55: M2 | D55: 1273.56 | E55: 122.75 | F55: 160 | G55: =F55*E55 -> 19640 | H55: =F55/D55 -> 0.12563209 | I55: 300 | J55: =TRUNC((I55*E55),3) -> 36825 | K55: =I55/D55 -> 0.23556016 | L55: =F55+I55 -> 460 | M55: =TRUNC((G55+J55),3) -> 56465 | N55: =H55+K55 -> 0.36119225
A56: 7.2 | B56: Meio fio (assentamento), inclusive caiação | C56: M | D56: 160.2 | E56: 39.709988 | F56: 20 | G56: =F56*E56 -> 794.19975 | H56: =F56/D56 -> 0.12484395 | I56: 40 | J56: =TRUNC((I56*E56),3) -> 1588.399 | K56: =I56/D56 -> 0.24968789 | L56: =F56+I56 -> 60 | M56: =TRUNC((G56+J56),3) -> 2382.598 | N56: =H56+K56 -> 0.37453184
A57: 8 | B57: RESTAURANTES E PAVILHÃO DE ALIMENTAÇÃO | J57: =J58+J62+J64+J70+J78+J81+J89+J99+J106+J114+J132+J135+J142 -> 0 | M57: =M58+M62+M64+M70+M78+M81+M89+M99+M106+M114+M132+M135+M142 -> 0
A58: 8.1 | B58: ESTRUTURA | J58: =SUM(J59:J61) -> 0 | M58: =SUM(M59:M61) -> 0
A59: 8.1.1 | B59: Fornecimento e aplicação de concreto usinado fck=30 mpa - considerando bombeamento (5% de perdas já incluído no custo) (6% de taxa p/ concr. Bombeavel) | C59: M3 | D59: 212.8 | E59: 801.11997 | F59: 0 | G59: =F59*E59 -> 0 | H59: =F59/D59 -> 0 | J59: =TRUNC((I59*E59),3) -> 0 | K59: =I59/D59 -> 0 | L59: =F59+I59 -> 0 | M59: =TRUNC((G59+J59),3) -> 0 | N59: =H59+K59 -> 0
A60: 8.1.2 | B60: Fornecimento, dobragem e colocação em fôrma, de armadura ca-50 a média, diâmetro de 6.3 a 10.0 mm | C60: Kg | D60: 15176 | E60: 15.73 | F60: 0 | G60: =F60*E60 -> 0 | H60: =F60/D60 -> 0 | J60: =TRUNC((I60*E60),3) -> 0 | K60: =I60/D60 -> 0 | L60: =F60+I60 -> 0 | M60: =TRUNC((G60+J60),3) -> 0 | N60: =H60+K60 -> 0
A61: 8.1.3 | B61: Fôrma de tábua de madeira de 2.5x30.0cm, levando-se em conta utilização 3 vezes (incluindo o material, corte, montagem, escoramento e desforma) | C61: M2 | D61: 2017.9 | E61: 119.66 | F61: 0 | G61: =F61*E61 -> 0 | H61: =F61/D61 -> 0 | J61: =TRUNC((I61*E61),3) -> 0 | K61: =I61/D61 -> 0 | L61: =F61+I61 -> 0 | M61: =TRUNC((G61+J61),3) -> 0 | N61: =H61+K61 -> 0
A62: 8.2 | B62: ALVENARIA DE VEDAÇÃO | J62: =SUM(J63) -> 0 | M62: =SUM(M63) -> 0
A63: 8.2.1 | B63: Alvenaria de blocos cerâmicos 10 furos 10x20x20cm, assentados c/argamassa de cimento, cal hidratada ch1 e areia traço 1:0,5:8, esp. Das juntas 12mm e esp. Das paredes s/revestimento, 10cm (bloco comprado na fábrica, posto obra) | C63: M2 | D63: 586.52 | E63: 82.679994 | F63: 0 | G63: =F63*E63 -> 0 | H63: =F63/D63 -> 0 | J63: =TRUNC((I63*E63),3) -> 0 | K63: =I63/D63 -> 0 | L63: =F63+I63 -> 0 | M63: =TRUNC((G63+J63),3) -> 0 | N63: =H63+K63 -> 0
A64: 8.3 | B64: COBERTURA | J64: =SUM(J65:J69) -> 0 | M64: =SUM(M65:M69) -> 0
A65: 8.3.1 | B65: Estrutura em chapa de aço astm a36 corte, solda e montagem - fornecimento e instalação | C65: Kg | D65: 2668.5 | E65: 25.13511 | F65: 0 | G65: =F65*E65 -> 0 | H65: =F65/D65 -> 0 | J65: =TRUNC((I65*E65),3) -> 0 | K65: =I65/D65 -> 0 | L65: =F65+I65 -> 0 | M65: =TRUNC((G65+J65),3) -> 0 | N65: =H65+K65 -> 0
A66: 8.3.2 | B66: Cobertura nova de telhas onduladas de fibrocimento 6.0mm, inclusive cumeeiras e acessórios de fixação | C66: M2 | D66: 444.75 | E66: 78.069994 | F66: 0 | G66: =F66*E66 -> 0 | H66: =F66/D66 -> 0 | J66: =TRUNC((I66*E66),3) -> 0 | K66: =I66/D66 -> 0 | L66: =F66+I66 -> 0 | M66: =TRUNC((G66+J66),3) -> 0 | N66: =H66+K66 -> 0
A67: 8.3.3 | B67: Calha em chapa galvanizada com largura de 40 cm | C67: M | D67: 45.85 | E67: 277.67983 | F67: 0 | G67: =F67*E67 -> 0 | H67: =F67/D67 -> 0 | J67: =TRUNC((I67*E67),3) -> 0 | K67: =I67/D67 -> 0 | L67: =F67+I67 -> 0 | M67: =TRUNC((G67+J67),3) -> 0 | N67: =H67+K67 -> 0
A68: 8.3.4 | B68: Rufo de chapa metálica nº 26 com largura de 30 cm | C68: M | D68: 111.1 | E68: 49.119982 | F68: 0 | G68: =F68*E68 -> 0 | H68: =F68/D68 -> 0 | J68: =TRUNC((I68*E68),3) -> 0 | K68: =I68/D68 -> 0 | L68: =F68+I68 -> 0 | M68: =TRUNC((G68+J68),3) -> 0 | N68: =H68+K68 -> 0
A69: 8.3.5 | B69: Platibanda de alvenaria de bloco cerâmico 10x20x20cm, assentado com argamassa de cimento, cal hidratada ch1 e areia no traço 1:0,5:8, amarrada com pilaretes em conc. Arm. A cada 2m (h=1.0m), excl. Revest. | C69: M | D69: 114.3 | E69: 158.62992 | F69: 0 | G69: =F69*E69 -> 0 | H69: =F69/D69 -> 0 | J69: =TRUNC((I69*E69),3) -> 0 | K69: =I69/D69 -> 0 | L69: =F69+I69 -> 0 | M69: =TRUNC((G69+J69),3) -> 0 | N69: =H69+K69 -> 0
A70: 8.4 | B70: PONTOS HIDRO-SANITÁRIOS | J70: =SUM(J71:J77) -> 0 | M70: =SUM(M71:M77) -> 0
A71: 8.4.1 | B71: Ponto de água fria (lavatório, tanque, pia de cozinha, etc...) | C71: Pt | D71: 10 | E71: 123.27 | F71: 0 | G71: =F71*E71 -> 0 | H71: =F71/D71 -> 0 | J71: =TRUNC((I71*E71),3) -> 0 | K71: =I71/D71 -> 0 | L71: =F71+I71 -> 0 | M71: =TRUNC((G71+J71),3) -> 0 | N71: =H71+K71 -> 0
A72: 8.4.2 | B72: Ponto com registro de pressão (chuveiro, caixa de descarga, etc...) | C72: Pt | D72: 8 | E72: 272.25 | F72: 0 | G72: =F72*E72 -> 0 | H72: =F72/D72 -> 0 | J72: =TRUNC((I72*E72),3) -> 0 | K72: =I72/D72 -> 0 | L72: =F72+I72 -> 0 | M72: =TRUNC((G72+J72),3) -> 0 | N72: =H72+K72 -> 0
A73: 8.4.3 | B73: Ponto para esgoto primário (vaso sanitário) | C73: Pt | D73: 8 | E73: 162.55 | F73: 0 | G73: =F73*E73 -> 0 | H73: =F73/D73 -> 0 | J73: =TRUNC((I73*E73),3) -> 0 | K73: =I73/D73 -> 0 | L73: =F73+I73 -> 0 | M73: =TRUNC((G73+J73),3) -> 0 | N73: =H73+K73 -> 0
A74: 8.4.4 | B74: Ponto para esgoto secundário (pia, lavatório, mictório, tanque, bidê, etc...) | C74: Pt | D74: 10 | E74: 119.36 | F74: 0 | G74: =F74*E74 -> 0 | H74: =F74/D74 -> 0 | J74: =TRUNC((I74*E74),3) -> 0 | K74: =I74/D74 -> 0 | L74: =F74+I74 -> 0 | M74: =TRUNC((G74+J74),3) -> 0 | N74: =H74+K74 -> 0
A75: 8.4.5 | B75: Ponto para ralo sifonado, inclusive ralo sifonado 100 x 40 mm c/ grelha em pvc | C75: Pt | D75: 2 | E75: 109.55 | F75: 0 | G75: =F75*E75 -> 0 | H75: =F75/D75 -> 0 | J75: =TRUNC((I75*E75),3) -> 0 | K75: =I75/D75 -> 0 | L75: =F75+I75 -> 0 | M75: =TRUNC((G75+J75),3) -> 0 | N75: =H75+K75 -> 0
A76: 8.4.6 | B76: Caixas de inspeção de alv. Blocos concreto 9x19x39cm, dim, 60x60cm e hmáx = 1m, com tampa de conc. Esp. 5cm, lastro de conc. Esp. 10cm, revest intern. C/ chapisco e reboco impermeabilizado, incl. Escavação, reaterro e enchimento | C76: Un | D76: 10 | E76: 708.76 | F76: 0 | G76: =F76*E76 -> 0 | H76: =F76/D76 -> 0 | J76: =TRUNC((I76*E76),3) -> 0 | K76: =I76/D76 -> 0 | L76: =F76+I76 -> 0 | M76: =TRUNC((G76+J76),3) -> 0 | N76: =H76+K76 -> 0
A77: 8.4.7 | B77: Caixa de gordura de alv. Bloco concreto 9x19x39cm, dim.60x60cm e hmáx=1m, com tampa em concreto esp.5cm, lastro concreto esp.10cm, revestida intern. C/ chapisco e reboco impermeab, escavação, reaterro e parede interna em concreto | C77: Un | D77: 2 | E77: 760.63 | F77: 0 | G77: =F77*E77 -> 0 | H77: =F77/D77 -> 0 | J77: =TRUNC((I77*E77),3) -> 0 | K77: =I77/D77 -> 0 | L77: =F77+I77 -> 0 | M77: =TRUNC((G77+J77),3) -> 0 | N77: =H77+K77 -> 0
A78: 8.5 | B78: PLACAS, PAINÉIS DIVISÓRIOS E BANCADAS | J78: =SUM(J79:J80) -> 0 | M78: =SUM(M79:M80) -> 0
A79: 8.5.1 | B79: Bancada de granito com espessura de 2 cm | C79: M2 | D79: 9.84 | E79: 551.0498 | F79: 0 | G79: =F79*E79 -> 0 | H79: =F79/D79 -> 0 | J79: =TRUNC((I79*E79),3) -> 0 | K79: =I79/D79 -> 0 | L79: =F79+I79 -> 0 | M79: =TRUNC((G79+J79),3) -> 0 | N79: =H79+K79 -> 0
A80: 8.5.2 | B80: Fornecimento e instalação de divisórias novas com acabamento de chapa de fibra de madeira, sistema de montagem simplificado, espessura de 35mm e miolo em colméia no padrão painel/painel | C80: M2 | D80: 21.6 | E80: 181.16991 | F80: 0 | G80: =F80*E80 -> 0 | H80: =F80/D80 -> 0 | J80: =TRUNC((I80*E80),3) -> 0 | K80: =I80/D80 -> 0 | L80: =F80+I80 -> 0 | M80: =TRUNC((G80+J80),3) -> 0 | N80: =H80+K80 -> 0
A81: 8.6 | B81: PONTOS ELÉTRICOS | J81: =SUM(J82:J88) -> 0 | M81: =SUM(M82:M88) -> 0
A82: 8.6.1 | B82: Aterramento com haste terra 5/8" x 2.40, cabo de cobre nu 6mm2, inclusive caixa de concreto 30 x 30 cm | C82: Un | D82: 6 | E82: 649.22 | F82: 0 | G82: =F82*E82 -> 0 | H82: =F82/D82 -> 0 | J82: =TRUNC((I82*E82),3) -> 0 | K82: =I82/D82 -> 0 | L82: =F82+I82 -> 0 | M82: =TRUNC((G82+J82),3) -> 0 | N82: =H82+K82 -> 0
A83: 8.6.2 | B83: Ponto padrão de interruptor de 1 tecla simples e 1 tomada dois pólos mais terra 10a/250v - considerando eletroduto pvc rígido de 3/4" inclusive conexões (4.5m), fio isolado pvc de 2.5mm2 (19.4m) e caixa pvc 4x2" (1 und) | C83: Un | D83: 18 | E83: 299.05 | F83: 0 | G83: =F83*E83 -> 0 | H83: =F83/D83 -> 0 | J83: =TRUNC((I83*E83),3) -> 0 | K83: =I83/D83 -> 0 | L83: =F83+I83 -> 0 | M83: =TRUNC((G83+J83),3) -> 0 | N83: =H83+K83 -> 0
A84: 8.6.3 | B84: Ponto padrão de luz no teto - considerando eletroduto pvc rígido de 3/4" inclusive conexões (4.5m), fio isolado pvc de 2.5mm2 (16.2m) e caixa pvc 4x4" (1 und) | C84: Un | D84: 188 | E84: 278.47 | F84: 0 | G84: =F84*E84 -> 0 | H84: =F84/D84 -> 0 | J84: =TRUNC((I84*E84),3) -> 0 | K84: =I84/D84 -> 0 | L84: =F84+I84 -> 0 | M84: =TRUNC((G84+J84),3) -> 0 | N84: =H84+K84 -> 0
A85: 8.6.4 | B85: Ponto padrão de tomada 2 pólos mais terra - considerando eletroduto pvc rígido de 3/4" inclusive conexões (5.0m), fio isolado pvc de 2.5mm2 (16.5m) e caixa pvc 4x2" (1 und) | C85: Un | D85: 59 | E85: 284.01 | F85: 0 | G85: =F85*E85 -> 0 | H85: =F85/D85 -> 0 | J85: =TRUNC((I85*E85),3) -> 0 | K85: =I85/D85 -> 0 | L85: =F85+I85 -> 0 | M85: =TRUNC((G85+J85),3) -> 0 | N85: =H85+K85 -> 0
A86: 8.6.5 | B86: Ponto padrão de interruptor de 1 tecla simples e 1 tomada dois pólos mais terra 10a/250v - considerando eletroduto pvc rígido de 3/4" inclusive conexões (4.5m), fio isolado pvc de 2.5mm2 (19.4m) e caixa pvc 4x2" (1 und) | C86: Un | D86: 8 | E86: 299.05 | F86: 0 | G86: =F86*E86 -> 0 | H86: =F86/D86 -> 0 | J86: =TRUNC((I86*E86),3) -> 0 | K86: =I86/D86 -> 0 | L86: =F86+I86 -> 0 | M86: =TRUNC((G86+J86),3) -> 0 | N86: =H86+K86 -> 0
A87: 8.6.6 | B87: Ponto padrão de luz no teto - considerando eletroduto pvc rígido de 3/4" inclusive conexões (4.5m), fio isolado pvc de 2.5mm2 (16.2m) e caixa pvc 4x4" (1 und) | C87: Un | D87: 47 | E87: 278.47 | F87: 0 | G87: =F87*E87 -> 0 | H87: =F87/D87 -> 0 | J87: =TRUNC((I87*E87),3) -> 0 | K87: =I87/D87 -> 0 | L87: =F87+I87 -> 0 | M87: =TRUNC((G87+J87),3) -> 0 | N87: =H87+K87 -> 0
A88: 8.6.7 | B88: Ponto padrão de tomada 2 pólos mais terra - considerando eletroduto pvc rígido de 3/4" inclusive conexões (5.0m), fio isolado pvc de 2.5mm2 (16.5m) e caixa pvc 4x2" (1 und) | C88: Un | D88: 13 | E88: 284.01 | F88: 0 | G88: =F88*E88 -> 0 | H88: =F88/D88 -> 0 | J88: =TRUNC((I88*E88),3) -> 0 | K88: =I88/D88 -> 0 | L88: =F88+I88 -> 0 | M88: =TRUNC((G88+J88),3) -> 0 | N88: =H88+K88 -> 0
A89: 8.7 | B89: ACABAMENTOS | J89: =SUM(J90:J98) -> 0 | M89: =SUM(M90:M98) -> 0
A90: 8.7.1 | B90: Chapisco de argamassa de cimento e areia média ou grossa lavada, no traço 1:3, espessura 5 mm | C90: M2 | D90: 1255.08 | E90: 8.8299949 | F90: 0 | G90: =F90*E90 -> 0 | H90: =F90/D90 -> 0 | J90: =TRUNC((I90*E90),3) -> 0 | K90: =I90/D90 -> 0 | L90: =F90+I90 -> 0 | M90: =TRUNC((G90+J90),3) -> 0 | N90: =H90+K90 -> 0
A91: 8.7.2 | B91: Emboço de argamassa de cimento, cal hidratada ch1 e areia média ou grossa lavada no traço 1:0.5:6, espessura 20 mm | C91: M2 | D91: 1255.08 | E91: 41.869992 | F91: 0 | G91: =F91*E91 -> 0 | H91: =F91/D91 -> 0 | J91: =TRUNC((I91*E91),3) -> 0 | K91: =I91/D91 -> 0 | L91: =F91+I91 -> 0 | M91: =TRUNC((G91+J91),3) -> 0 | N91: =H91+K91 -> 0
A92: 8.7.3 | B92: Reboco de argamassa de cimento, cal hidratada ch1 e areia média ou grossa lavada no traço 1:0.5:6, espessura 5mm | C92: M2 | D92: 1255.08 | E92: 29.019999 | F92: 0 | G92: =F92*E92 -> 0 | H92: =F92/D92 -> 0 | J92: =TRUNC((I92*E92),3) -> 0 | K92: =I92/D92 -> 0 | L92: =F92+I92 -> 0 | M92: =TRUNC((G92+J92),3) -> 0 | N92: =H92+K92 -> 0
A93: 8.7.4 | B93: Emassamento de paredes e forros, com duas demãos de massa à base de pva, marcas de referência suvinil, coral ou metalatex | C93: M2 | D93: 855.53 | E93: 17.259991 | F93: 0 | G93: =F93*E93 -> 0 | H93: =F93/D93 -> 0 | J93: =TRUNC((I93*E93),3) -> 0 | K93: =I93/D93 -> 0 | L93: =F93+I93 -> 0 | M93: =TRUNC((G93+J93),3) -> 0 | N93: =H93+K93 -> 0
A94: 8.7.5 | B94: Pintura com tinta látex pva, marcas de referência suvinil, coral ou metalatex, inclusive selador em paredes e forros, a três demãos | C94: M2 | D94: 855.53 | E94: 31.369993 | F94: 0 | G94: =F94*E94 -> 0 | H94: =F94/D94 -> 0 | J94: =TRUNC((I94*E94),3) -> 0 | K94: =I94/D94 -> 0 | L94: =F94+I94 -> 0 | M94: =TRUNC((G94+J94),3) -> 0 | N94: =H94+K94 -> 0
A95: 8.7.6 | B95: Pintura com tinta pva, sobre concreto ou bloco de concreto, a duas demãos, marcas de referência suvinil, coral ou metalatex | C95: M2 | D95: 901.3 | E95: 25.459991 | F95: 0 | G95: =F95*E95 -> 0 | H95: =F95/D95 -> 0 | J95: =TRUNC((I95*E95),3) -> 0 | K95: =I95/D95 -> 0 | L95: =F95+I95 -> 0 | M95: =TRUNC((G95+J95),3) -> 0 | N95: =H95+K95 -> 0
A96: 8.7.7 | B96: Pintura com tinta esmalte sintético, marcas de referência suvinil, coral ou metalatex, inclusive fundo branco nivelador, em madeira, a duas demãos | C96: M2 | D96: 29.4 | E96: 33.219728 | F96: 0 | G96: =F96*E96 -> 0 | H96: =F96/D96 -> 0 | J96: =TRUNC((I96*E96),3) -> 0 | K96: =I96/D96 -> 0 | L96: =F96+I96 -> 0 | M96: =TRUNC((G96+J96),3) -> 0 | N96: =H96+K96 -> 0
A97: 8.7.8 | B97: Piso argamassa alta resistência tipo granilite ou equiv de qualidade comprovada, esp de 10mm, com juntas plástica em quadros de 1m, na cor natural, com acabamento anti-derrapante mecanizado, inclusive regularização e=3.0cm | C97: M2 | D97: 887.89 | E97: 158.78 | F97: 0 | G97: =F97*E97 -> 0 | H97: =F97/D97 -> 0 | J97: =TRUNC((I97*E97),3) -> 0 | K97: =I97/D97 -> 0 | L97: =F97+I97 -> 0 | M97: =TRUNC((G97+J97),3) -> 0 | N97: =H97+K97 -> 0
A98: 8.7.9 | B98: Aplicação de revestimento externo tipo "tijolinho" conf. Projeto arquitetônico | C98: M2 | D98: 399.55 | E98: 274.44998 | F98: 0 | G98: =F98*E98 -> 0 | H98: =F98/D98 -> 0 | J98: =TRUNC((I98*E98),3) -> 0 | K98: =I98/D98 -> 0 | L98: =F98+I98 -> 0 | M98: =TRUNC((G98+J98),3) -> 0 | N98: =H98+K98 -> 0
A99: 8.8 | B99: APARELHOS HIDRO-SANITÁRIOS | J99: =SUM(J100:J105) -> 0 | M99: =SUM(M100:M105) -> 0
A100: 8.8.1 | B100: Vaso sanitário padrão popular completo com acessórios para ligação, marcas de referência deca, celite ou ideal standard, inclusive assento plástico | C100: Un | D100: 8 | E100: 674.99 | F100: 0 | G100: =F100*E100 -> 0 | H100: =F100/D100 -> 0 | J100: =TRUNC((I100*E100),3) -> 0 | K100: =I100/D100 -> 0 | L100: =F100+I100 -> 0 | M100: =TRUNC((G100+J100),3) -> 0 | N100: =H100+K100 -> 0
A101: 8.8.2 | B101: Lavatório de louça branca, padrão popular, marcas de referência deca, celite ou ideal standard, inclusive acessórios em pvc, exceto torneira | C101: Un | D101: 8 | E101: 292.04 | F101: 0 | G101: =F101*E101 -> 0 | H101: =F101/D101 -> 0 | J101: =TRUNC((I101*E101),3) -> 0 | K101: =I101/D101 -> 0 | L101: =F101+I101 -> 0 | M101: =TRUNC((G101+J101),3) -> 0 | N101: =H101+K101 -> 0
...

Sheet MEMÓRIA DE CÁLCULO 14ª MEDIÇÃO
B2: PREFEITURA MUNICIPAL DE SÃO ROQUE DO CANAÃ
B8: MEMÓRIA DE CÁLCULO 14ª MEDIÇÃO
B9: OBRA: CONSTRUÇÃO DO PARQUE MUNICIPAL MULTIUSO DE SÃO ROQUE DO CANAÃ | D9: DATA: 07/01/2025
B10: LOCAL: BAIRRO VILA VERDE, SÃO ROQUE DO CANAÃ
B11: ITEM | C11: DESCRIÇÃO | D11: UND | E11: QUANT.
B12: 7 | C12: =VLOOKUP(B12,'MEDIÇÃO 14'!$A$10:$C$416,2,0) -> ESTACIONAMENTO
B13: 7.1 | C13: =VLOOKUP(B13,'MEDIÇÃO 14'!$A$10:$C$416,2,0) -> Blocos pré-moldados de concreto tipo pavi-s ou equivalente, espessura de 8 cm e resistência a compressão mínima de 35mpa, assentados sobre colchão de pó de pedra na espessura de 10 cm | D13: =VLOOKUP(B13,'MEDIÇÃO 14'!$A$10:$C$416,3,0) -> M2 | E13: =SUM(D14) -> 300
B14: Área pavimentada: 300,00 m² | D14: =VLOOKUP($B13,'MEDIÇÃO 14'!A26:N431,9,0) -> 300
B15: 7.2 | C15: =VLOOKUP(B15,'MEDIÇÃO 14'!$A$10:$C$416,2,0) -> Meio fio (assentamento), inclusive caiação | D15: =VLOOKUP(B15,'MEDIÇÃO 14'!$A$10:$C$416,3,0) -> M | E15: =SUM(D16) -> 40
B16: Meio-fio assentado:40,00 m | D16: =VLOOKUP($B15,'MEDIÇÃO 14'!A28:N433,9,0) -> 40
C21: __________________________________________________
C22: PEDRO JAYME LANI JUNIOR
C23: Assessor de Assuntos de Gestão
C24: Engenheiro Civil
C25: CREA ES 20109/D
C26: Fiscal da Obra
